 Dungeon Crawl Stone Soup version 0.28-a0-861-ge64d6db94f (webtiles) character file.

Game seed: 15309174122883597199

32 siradein the Poker (level 3, -2/28 HPs)
             Began as a Demonspawn Gladiator on Nov 16, 2021.
             Frozen to death by an endoplasm (5 damage)
             ... on level 2 of the Dungeon.
             The game lasted 00:02:10 (868 turns).

siradein the Poker (Demonspawn Gladiator)            Turns: 868, Time: 00:02:11

Health: -2/28      AC:  4    Str: 14    XL:     3   Next: 8%
Magic:  3/3        EV: 12    Int:  9    God:
Gold:   61         SH:  0    Dex: 15    Spells: 2/2 levels left

rFire   . . .      SeeInvis .   a - +0 trident
rCold   . . .      Faith    .   (no shield)
rNeg    . . .      Spirit   .   b - +0 leather armour
rPois   .          Reflect  .   c - +0 helmet
rElec   .          Harm     .   (no cloak)
rCorr   .          Rampage  .   (no gloves)
Will    .....                   (no boots)
Stlth   +.........              (no amulet)
HPRegen 0.09/turn               (no ring)
MPRegen 0.08/turn               (no ring)

@: no status effects
A: demonic guardian 1
a: no special abilities


You were on level 2 of the Dungeon.
You visited 1 branch of the dungeon, and saw 2 of its levels.

You collected 61 gold pieces.

Inventory:

Hand Weapons
 a - a +0 trident (weapon)
Missiles
 d - 3 throwing nets (quivered)
Armour
 b - a +0 leather armour (worn)
 c - a +0 helmet (worn)
Scrolls
 e - a scroll of identify {unknown}
 g - a scroll of teleportation {unknown}
 h - a scroll of vulnerability {unknown}
 i - 2 scrolls of acquirement {unknown}
Potions
 f - a potion of might {unknown}
 j - 2 potions of curing {unknown}


   Skills:
 + Level 2.4 Fighting
 + Level 3.0 Polearms
 + Level 2.2 Throwing
 + Level 3.0 Dodging


You had 2 spell levels left.
You didn't know any spells.
Your spell library was empty.

Dungeon Overview and Level Annotations

Branches:
Dungeon (2/15)

Altars:


Innate Abilities, Weirdness & Mutations

A weak demonic guardian rushes to your aid.


Message History

Your white imp hits the worm.
Your white imp freezes the worm.
The worm dies!
You have reached level 3!
Your experience leads to an increase in your attributes!
Increase (S)trength, (I)ntelligence, or (D)exterity?
You feel agile.
You see here a frilled lizard corpse.
The bat barely misses you.
The bat hits your white imp but does no damage.
A kobold comes into view. It is wielding a +0 dagger.
The bat barely misses you.
The bat hits your white imp but does no damage. x2
Your white imp gestures at the bat.
The puff of frost hits the bat!
The bat dies!
You see here a frilled lizard corpse.
The kobold hits your white imp with a +0 dagger.
You swap places.
The kobold barely misses you.
You hit the kobold but do no damage. The kobold closely misses you.
You swap places.
Your white imp hits the kobold but does no damage.
The kobold hits your white imp but does no damage.
Your white imp disappears in a puff of smoke!
You see here a frilled lizard corpse.
The kobold throws a stone.
The stone barely misses you.
You see here a frilled lizard corpse.
The kobold throws a stone.
The stone barely misses you.
The kobold throws a stone.
The stone barely misses you.
The kobold throws a stone.
The stone barely misses you.
An endoplasm comes into view.
The endoplasm quivers.
The endoplasm freezes you.
You are frozen.
* * * LOW HITPOINT WARNING * * *
A demonic guardian appears!
The bat hits you.
* * * LOW HITPOINT WARNING * * *
The endoplasm freezes you.
You are frozen.
You die...

#............#.# .. #.
#............#.# .. #.#
#............#.# bl . #.##
#..............##..l.##..#
#................# #....#
#............###.####.##(#
#........b...###......#..#
........>.5.......5b....#
.........@###########.##
.........J......K..##.#
##################.##.#
#.##†# #.##b# #.##K#
#.##.# #.##.# #K##.#


You could see an endoplasm, a bat (ally target), a kobold and a friendly white
imp (summoned).

Vanquished Creatures
  A bat (D:2)
  2 endoplasms (D:1)
  2 giant cockroaches (D:2)
  4 goblins (D:1)
  3 hobgoblins (D:1)
  3 ball pythons (D:2)
  3 frilled lizards (D:2)
  A kobold (D:1)
  3 rats
22 creatures vanquished.

Vanquished Creatures (collateral kills)
  2 worms (D:2)
  A bat (D:2)
3 creatures vanquished.

Grand Total: 25 creatures vanquished

Notes
Turn   | Place    | Note
-------+----------+-------------------------------------------
     0 | D:1      | siradein the Demonspawn Gladiator began the quest for the
                  | Orb.
     0 | D:1      | Reached XP level 1. HP: 16/16 MP: 1/1
   282 | D:1      | Gained mutation: A weak demonic guardian rushes to your
                  | aid. [demonic ancestry]
   282 | D:1      | Reached XP level 2. HP: 22/22 MP: 2/2
   424 | D:1      | Found a faded altar of an unknown god.
   839 | D:2      | Reached XP level 3. HP: 4/28 MP: 3/3
   868 | D:2      | Frozen to death by an endoplasm

Illustrated notes

Levels and vault maps discovered:
D:1:      tarquinn_simple_flora_water_f, layout_rooms,
          hellmonk_ecumenical_altar_arch_garden
D:2:      layout_basic, basic_altar, minmay_hexomino_c4

Skill      XL: |  1  2 |
---------------+-------+-----
Throwing       | 2 |  2.2
Polearms       | 3 |  3.0
Dodging        | 3 |  3.0
Fighting       | |  2.4

Action                   || total
-------------------------++-------
Melee: Trident           ||    67
 Stab: Sleeping          ||     1
Armor: Leather armour    ||    14
Dodge: Dodged            ||    39

Table legend: (Time is in decaauts)
 A = Elapsed time spent in this place.
 B = Non-inter-level travel time spent in this place.
 C = Inter-level travel time spent in this place.
 D = Time resting spent in this place.
 E = Time spent auto-exploring this place.
 F = Levels seen in this place.
 G = Mean time per level.
                   A        B        C        D        E       F      G
               +--------+--------+--------+--------+--------+-----+--------+
         Total |    877 |    849 |     28 |      0 |    660 |   2 |  438.5 |
       Dungeon |    877 |    849 |     28 |      0 |    660 |   2 |  438.5 |
               +--------+--------+--------+--------+--------+-----+--------+

Top non-repeatable levels by time:
     D:1: 617 daAuts
     D:2: 259 daAuts
